cohdb
Replays
Latest Replays
All Replays
Popular Replays
Top Player Replays
Match Explorer
How It Works
Community
CoH3 Stats
Reddit
Sign in to upload your games and track your stats! →
Sign in with Steam
Match 41060809
Unlisted
Match 41060809
Overview
Messages
Build Orders
End
Construct Barracks
Selects Heavy Weapons
Riflemen Squad
M1 Mortar Team
Riflemen Squad
Grenade Package
Riflemen Squad
Mechanized Support Center
Selects M2HB .50cal Heavy Machine Gun
M1918 Browning Automatic Rifles
Selects Assault Carriers
Construct Medical Station
Selects Exchangeable Parts
Construct Tank Depot
Engineer Squad
M4(105) Sherman Bulldozer
Improvised Armor
Salvage Crew
M4(105) Sherman Bulldozer
Designate Forward Repair Station
M18 Hellcat Tank Destroyer
Engineer Squad
风城玫瑰
意如亦戊
Cooper
这游戏太难了
余寶
AshCo Dismas
0
0
Comments
sign in to comment!
No comments posted yet!